 Dungeon Crawl Stone Soup version 0.26-a0-665-gefeb406119 (webtiles) character file.

Game seed: 1286587553400873288

67623 mandarbmax the Fighter (level 14, -14/129 HPs)
             Began as a Yellow Draconian Transmuter on Oct 13, 2020.
             Was an Initiate of Gozag.
             Killed by divine providence
             ... invoked by an orc priest
             ... summoned by an orange crystal statue
              (15 damage)
             ... on level 1 of the Orcish Mines on Oct 14, 2020.
             The game lasted 01:47:17 (30364 turns).

mandarbmax the Fighter (DrTm)                      Turns: 30364, Time: 01:47:19

Health: -14/129    AC: 10    Str: 14      XL:     14   Next: 83%
Magic:  0/21       EV: 24    Int: 12 (15) God:    Gozag
Gold:   5681       SH:  0    Dex: 16      Spells: 2/23 levels left

rFire    x . .     SeeInvis .   B - staff of cold
rCold    + + +     Faith    .   (no shield)
rNeg     . . .     Spirit   .   (armour unavailable)
rPois    +         Reflect  .   T - +1 hat
rElec    .         Harm     +   M - scarf {harm}
rCorr    +         Rampage  .   o - +0 pair of gloves
MR       +....     Rnd*Rage +   (no boots)
Stlth    ++........             l - amulet of the acrobat
HPRegen  0.31/turn              A - +4 ring of evasion
MPRegen  0.17/turn              S - ring of ice

@: confused
A: spit acid, unfitting armour, berserk 1, cold resistance 1, poison resistance,
strong 1, wild magic 1, acidic bite, evolution 1, no potion heal 1,
cold-blooded, acid resistance, AC +8
a: Breathe Acid, Potion Petition, Call Merchant, Bribe Branch, Renounce Religion


You were on level 1 of the Orcish Mines.
You worshipped Gozag.
Gozag was greatly pleased with you.
You visited 3 branches of the dungeon, and saw 18 of its levels.
You also visited: Ossuary, Ice Cave and Volcano.

You collected 7486 gold pieces.
You spent 1752 gold pieces at shops.
You paid 53 gold pieces to Gozag.

Inventory:

Missiles
 p - 15 javelins
 r - 4 throwing nets
 v - 34 poisoned darts (quivered)
Armour
 o - a +0 pair of gloves (worn)
 M - a scarf of harm (worn)
 T - a +1 hat (worn)
Magical Staves
 B - an uncursed staff of cold (weapon)
Jewellery
 k - an uncursed ring of see invisible
 l - an amulet of the acrobat (around neck)
 s - an uncursed ring of positive energy
 A - a +4 ring of evasion (left hand)
 Q - an uncursed amulet of magic regeneration
 S - a ring of ice (right hand)
Wands
 w - a wand of flame (8)
 G - a wand of acid (4)
 N - a wand of digging (16)
 O - a wand of paralysis (4)
 R - a wand of iceblast (39)
Scrolls
 b - 3 scrolls of amnesia
 e - 3 scrolls of fear
 f - 15 scrolls of teleportation
 g - 10 scrolls of enchant weapon
 h - 9 scrolls of remove curse
 j - 6 scrolls of identify
 u - a scroll of fog
 C - a scroll of magic mapping
 E - 3 scrolls of blinking
 Y - a scroll of silence
 Z - a scroll of brand weapon
Potions
 a - 5 potions of magic
 c - 2 potions of invisibility
 d - 4 potions of flight
 i - a potion of lignification
 m - 6 potions of haste
 n - 6 potions of curing
 t - a potion of mutation
 x - 3 potions of might
 z - 3 potions of brilliance
 J - 2 potions of resistance
 V - 2 potions of ambrosia
Miscellaneous
 q - a condenser vane (2/2)
 y - a phial of floods (inert)


   Skills:
 + Level 13.4 Fighting
 + Level 10.4 Dodging
 - Level 7.0 Stealth
 - Level 12.0 Unarmed Combat
 - Level 5.0 Spellcasting
 - Level 13.0 Transmutations
 - Level 8.0 Evocations


You had 2 spell levels left.
You knew the following spells:

 Your Spells              Type           Power        Failure   Level
a - Blade Hands           Tmut           #####.....   4%          5
b - Wereblood             Tmut           #####...     1%          2
c - Spider Form           Tmut/Pois      ###.......   7%          3
d - Ice Form              Ice/Tmut       ######..     21%         4
e - Dragon Form           Tmut           #####.....   71%         7

Your spell library contained the following spells:

 Spells                   Type           Power        Failure   Level
 Beastly Appendage        Tmut           #####.       1%          1
 Sting                    Tmut/Pois      ###.         2%          1
 Passwall                 Tmut/Erth      ###.....     3%          2
 Animate Skeleton         Necr           #.....       28%         1
 Apportation              Tloc           #.....       28%         1
 Corona                   Hex            #......      28%         1
 Freeze                   Ice            #...         28%         1
 Magic Dart               Conj           #...         28%         1
 Sandblast                Erth           #.....       28%         1
 Summon Small Mammal      Summ           #...         28%         1
 Call Imp                 Summ           #.......     38%         2
 Poisonous Vapours        Pois/Air       #.....       38%         2
 Searing Ray              Conj           #.....       38%         2
 Ignite Poison            Fire/Tmut/Pois ###.....     16%         3
 Petrify                  Tmut/Erth      ###.....     21%         4
 Hydra Form               Tmut           #####.....   21%         6
 Irradiate                Conj/Tmut      ###.......   45%         5
 Yara's Violent Unravell  Hex/Tmut       ###.......   45%         5
 Call Canine Familiar     Summ           #.......     61%         3
 Confusing Touch          Hex            #.......     61%         3
 Dazzling Flash           Conj/Hex       #.....       61%         3
 Frozen Ramparts          Ice            #.....       61%         3
 Gell's Gravitas          Tloc           #.........   61%         3
 Mephitic Cloud           Conj/Pois/Air  #.......     61%         3
 Ozocubu's Armour         Ice            #.......     61%         3
 Stone Arrow              Conj/Erth      #.....       61%         3
 Summon Guardian Golem    Hex/Summ       #.......     61%         3
 Fulminant Prism          Conj/Hex       #.........   93%         4
 Hailstorm                Conj/Ice       #.......     93%         4
 Iskenderun's Mystic Bla  Conj/Tloc      #.......     93%         4
 Olgreb's Toxic Radiance  Pois           #.......     93%         4
 Summon Ice Beast         Ice/Summ       #.......     93%         4
 Summon Lightning Spire   Summ/Air       #.......     93%         4
 Statue Form              Tmut/Erth      ###......    95%         6
 Lee's Rapid Deconstruct  Erth           #.........   100%        5
 Metabolic Englaciation   Hex/Ice        #.........   100%        5


Dungeon Overview and Level Annotations

Branches:
Dungeon (11/15)            Temple (0/1) D:6            Lair (6/6) D:11
  Swamp (0/4) Lair:2        Snake (0/4) Lair:2        Slime (0/5) Lair:5
    Orc (1/2) D:9         Ossuary (visited)           IceCv (visited)
Volcano (visited)

Altars:
Dithmenos
Elyvilon
Fedhas
Gozag
Hepliaklqana
Makhleb
Nemelex Xobeh
Okawaru
Qazlal
Sif Muna
Trog
Uskayaw
Vehumet
Zin
The Shining One
Jiyva

Shops:
D:5 }   D:6 ?   D:10 :   D:11 :

Annotations:
D:10 3 runed translucent doors, bladeefan's ghost, journeyman GrFi
D:11 1 runed translucent door, dickylongcocking's ghost, journeyman SpBr
Lair:4 3 runed translucent doors, HunfridMar's ghost, journeyman DECj
Orc:1 1 runed translucent door, exclusion: 4 orange crystal statues


Innate Abilities, Weirdness & Mutations

You can spit globs of acid.
Your golden yellow scales are hard. (AC +8)
You cannot fit into any form of body armour.
You have acidic saliva.
You are cold-blooded and may be slowed by cold attacks.
You are resistant to acid. (rCorr)
You tend to lose your temper in combat.
Your flesh is cold resistant. (rC+)
Your system is resistant to poisons. (rPois)
Your muscles are strong. (Str +2)
Your spells are a little harder to cast, but a little more powerful.
You evolve.
Potions are less effective at restoring your health.


Message History

The orc priest completely misses you.
The orc warrior hits you from afar with a +2 halberd of flaming!!
* * * LOW HITPOINT WARNING * * *
The orc warrior burns you.
* * * LOW HITPOINT WARNING * * *
The orc completely misses you. The warg closely misses you.
Your system partially rejects the healing.
You feel much better.
The orc knight hits you with a +2 battleaxe of flaming!!
* * * LOW HITPOINT WARNING * * *
The orc knight burns you.
* * * LOW HITPOINT WARNING * * *
The orange crystal statue fixes its piercing gaze on you.
Something tries to feed on your intellect!
The orc priest hits you with a +0 dagger.
* * * LOW HITPOINT WARNING * * *
The orc priest calls down the wrath of Beogh upon you.
Beogh smites you!
You die...
Your body crumbles into a pile of gold.

....####...................#
#..###......#.............##
#...###..#...#....###....##
###..#...##.......# ##....#
###......###....#######...#
.#........###............##
...........#...#########.#
............##.#8oooOo8#.##
....##.#...###.#@#.o.#.#.)##
.....#.....###.#ohOoo..#..)###
.....##.....##.ooooo...+.....####
##.........###.#Oo.o...#.#.)..#.#
##........####.#.#...#.#.##......
.........##.##.#8.....8#..#...[..
.......^.....#.#########.....##..
......#.....##.....)..)).....##..
#..#.##.....###..)).)#).>.#.##...


You could see 4 orange crystal statues, an orc knight (summoned), a warg
(summoned), 2 orc warriors, 3 ogres, 3 orc priests, 2 orc wizards and 6 orcs.

Vanquished Creatures
  A stone giant (Volcano)
  Nessos (Lair:4)
  5 dire elephants (Lair:6)
  Snorg (Lair:5)
  Erolcha (D:10)
  5 hydras
  2 boulder beetles
  Harold (D:7)
  An anaconda (Lair:6)
  Erica (Lair:2)
  3 two-headed ogres
  Nergalle (Lair:4)
  3 orc knights (Orc:1)
  A necromancer (IceCv)
  An ugly thing (D:11)
  2 orc sorcerers (Orc:1)
  18 elephants
  An ice statue (IceCv)
  Psyche (D:11)
  5 black mambas
  A gargoyle (Volcano)
  12 cane toads
  3 rime drakes
  10 freezing wraiths (IceCv)
  12 komodo dragons
  An efreet (Volcano)
  2 demonic crawlers (Lair:6)
  5 polar bears (Lair:1)
  2 trolls
  A bog body (Lair:2)
  10 dream sheep
  7 blink frogs
  Sigmund (D:6)
  A wraith (D:11)
  A fire elemental (Volcano)
  54 yaks
  2 humans (D:10)
  A steam dragon (Lair:3)
  9 wyverns
  2 swamp worms (Lair:6)
  2 death yak simulacra (IceCv)
  4 nagas (Lair:2)
  Duvessa (D:6)
  13 water moccasins
  15 orc warriors
  9 ice beasts
  3 black bears
  A sky beast (D:10)
  2 necrophages
  14 centaurs
  2 phantoms
  8 ogres
  4 wolves (Lair:4)
  3 big kobolds
  2 earth elementals (Volcano)
  15 bullfrogs
  4 water moccasin zombies (Ossuary)
  A wyvern skeleton (D:10)
  7 scorpions
  Dowan (D:6)
  2 elephant simulacra (IceCv)
  A water moccasin skeleton (D:10)
  10 killer bees (D:10)
  26 wights
  4 howler monkeys
  3 centaur zombies
  3 draconian simulacra (IceCv)
  A quasit (D:6)
  8 orc priests
  4 bullfrog skeletons
  A bullfrog zombie (D:9)
  A jelly (D:6)
  12 hounds
  10 orc wizards
  6 iguanas
  3 worker ants
  A spriggan simulacrum (IceCv)
  7 troll simulacra (IceCv)
  2 big kobold zombies (Ossuary)
  A centaur simulacrum (IceCv)
  A hound zombie (D:7)
  A hound skeleton (D:11)
  3 mummies
  4 gnolls
  3 naga simulacra (IceCv)
  14 adders
  5 ogre simulacra (IceCv)
  2 shadow imps
  14 white imps
  4 ufetubi
  An adder skeleton (D:9)
  4 adder zombies (Ossuary)
  A worm (D:2)
  3 dart slugs
  9 leopard geckos
  40 orcs
  5 ball pythons
  11 bats
  9 giant cockroaches
  4 gnoll zombies (Ossuary)
  16 goblins
  13 hobgoblins
  10 jackals
  3 quokkas
  5 frilled lizards
  5 hobgoblin zombies
  23 kobolds
  7 kobold zombies (Ossuary)
  4 orc zombies
  A quokka skeleton (D:8)
  11 rats
  2 rat zombies (D:6)
  A plant (Lair:6)
648 creatures vanquished.

Vanquished Creatures (others)
  46 fungi
  66 plants
112 creatures vanquished.

Grand Total: 760 creatures vanquished

Notes
Turn   | Place    | Note
-------+----------+-------------------------------------------
     0 | D:1      | mandarbmax the Draconian Transmuter began the quest for the
                  | Orb.
     0 | D:1      | Reached XP level 1. HP: 16/16 MP: 3/3
   346 | D:1      | Reached XP level 2. HP: 17/23 MP: 3/5
   910 | D:1      | Learned a level 2 spell: Wereblood
  1345 | D:2      | Reached XP level 3. HP: 28/28 MP: 4/6
  1502 | D:2      | Found an opulent altar of Gozag.
  1562 | D:2      | Became a worshipper of Gozag Ym Sagoz the Greedy
  1791 | D:2      | Learned a level 3 spell: Spider Form
  2009 | D:2      | Reached XP level 4. HP: 35/35 MP: 1/7
  2127 | D:2      | Found a sparkling altar of Nemelex Xobeh.
  2841 | D:3      | Reached XP level 5. HP: 39/41 MP: 4/8
  3056 | D:3      | Found a white marble altar of Elyvilon.
  4059 | D:3      | Found a shadowy altar of Dithmenos.
  4146 | D:4      | Noticed an ogre
  4153 | D:4      | Killed an ogre
  4153 | D:4      | Reached XP level 6. HP: 48/48 MP: 5/9
  4295 | D:4      | Reached skill level 5 in Unarmed Combat
  4318 | D:4      | Reached skill level 1 in Stealth
  5126 | D:4      | Your scales start taking on a golden yellow colour.
  5126 | D:4      | Reached XP level 7. HP: 55/55 MP: 6/10
  5126 | D:4      | Gained mutation: You are resistant to acid. (rCorr) [Yellow
                  | Draconian growth]
  5449 | D:5      | Entered Level 5 of the Dungeon
  6139 | D:5      | Found Zynlez's Gadget Boutique.
  6142 | D:5      | Bought a condenser vane (2/2) for 260 gold pieces
  6142 | D:5      | Bought a phial of floods for 520 gold pieces
  6379 | D:6      | Noticed Sigmund
  6388 | D:6      | Killed Sigmund
  6410 | D:6      | Found a sand-covered staircase.
  6418 | Ossuary  | Entered an ossuary
  6515 | Ossuary  | Reached skill level 1 in Evocations
  6666 | Ossuary  | Reached XP level 8. HP: 30/63 MP: 4/11
  7328 | D:6      | Noticed Dowan
  7334 | D:6      | Noticed Duvessa
  7337 | D:6      | Killed Dowan
  7348 | D:6      | Killed Duvessa
  7560 | D:6      | Found a staircase to the Ecumenical Temple.
  7686 | D:6      | Reached skill level 5 in Fighting
  7951 | D:6      | Found Neorym's Magic Scroll Boutique.
  7967 | D:6      | Bought a scroll of teleportation for 45 gold pieces
  7967 | D:6      | Bought a scroll of identify for 30 gold pieces
  7967 | D:6      | Bought a scroll of identify for 30 gold pieces
  7967 | D:6      | Bought a scroll of identify for 30 gold pieces
  7967 | D:6      | Bought a scroll of teleportation for 45 gold pieces
  7967 | D:6      | Bought a scroll of identify for 30 gold pieces
  7967 | D:6      | Bought 3 scrolls of magic mapping for 157 gold pieces
  8363 | D:6      | Found a glowing golden altar of the Shining One.
  8392 | D:6      | Found a blossoming altar of Fedhas.
  8394 | D:6      | Found a stormy altar of Qazlal.
  8563 | D:7      | Found a radiant altar of Vehumet.
  8644 | D:7      | Reached XP level 9. HP: 78/78 MP: 6/12
  8718 | D:7      | Noticed Harold
  8736 | D:7      | Killed Harold
  8736 | D:7      | Reached skill level 5 in Dodging
  8736 | D:7      | Reached skill level 5 in Transmutations
  9390 | D:7      | Found a hazy altar of Hepliaklqana.
  9817 | D:7      | Learned a level 5 spell: Blade Hands
 10391 | D:8      | Noticed a two-headed ogre
 10400 | D:8      | Killed a two-headed ogre
 10400 | D:8      | Reached XP level 10. HP: 63/86 MP: 10/13
 10516 | D:8      | Found a hide-covered altar of Uskayaw.
 10644 | D:8      | Learned a level 1 spell: Animate Skeleton
 11175 | D:8      | Found a bloodstained altar of Trog.
 11293 | D:9      | Found a shimmering blue altar of Sif Muna.
 11628 | D:9      | Noticed a two-headed ogre
 11641 | D:9      | Killed a two-headed ogre
 11641 | D:9      | Reached skill level 10 in Unarmed Combat
 11783 | D:9      | Found a burning altar of Makhleb.
 11787 | D:9      | Found a glowing silver altar of Zin.
 11788 | D:9      | Noticed an Executioner
 11788 | D:9      | Noticed an angel
 12494 | D:9      | Found a staircase to the Orcish Mines.
 12534 | D:10     | Entered Level 10 of the Dungeon
 12544 | D:10     | Reached skill level 10 in Transmutations
 12564 | D:10     | Reached XP level 11. HP: 58/91 MP: 4/14
 12730 | D:10     | Learned a level 4 spell: Ice Form
 13174 | D:10     | Found Zousuwn's Book Shoppe.
 13184 | D:10     | Bought a book of Transfigurations for 605 gold pieces
 13271 | D:10     | Found a runed translucent gate.
 13271 | D:10     | Noticed a two-headed ogre
 13281 | D:10     | Killed a two-headed ogre
 13549 | D:10     | Found a runed translucent gate.
 13549 | D:10     | Found a runed translucent gate.
 13549 | D:10     | Noticed bladeefan's ghost (journeyman GrFi)
 13550 | D:10     | Noticed an 11-headed hydra
 13653 | D:10     | Reached skill level 5 in Stealth
 13795 | D:10     | Found an iron altar of Okawaru.
 14341 | D:10     | Noticed Erolcha
 14356 | D:10     | Killed Erolcha
 14455 | D:11     | Found a runed translucent door.
 14460 | D:11     | Identified the +9 spear "Buwurec" {vorpal, rC+ Str+2}
 14460 | D:11     | Noticed dickylongcocking's ghost (journeyman SpBr)
 14461 | D:11     | Noticed a spriggan rider
 14613 | D:11     | Noticed Psyche
 14621 | D:11     | Killed Psyche
 14833 | D:11     | Found Tiylaheze's Book Boutique.
 15141 | D:11     | Noticed a green ugly thing
 15158 | D:11     | Killed a green ugly thing
 15623 | D:11     | Found a staircase to the Lair.
 15771 | Lair:1   | Entered Level 1 of the Lair of Beasts
 15848 | Lair:1   | Reached XP level 12. HP: 63/105 MP: 11/15
 16854 | Lair:1   | Reached skill level 10 in Fighting
 17052 | Lair:1   | Reached skill level 5 in Evocations
 17571 | Lair:2   | You fall into a shaft and drop 1 floor!
 17639 | Lair:2   | Noticed Erica
 17657 | Lair:2   | Killed Erica
 17703 | Lair:2   | Found a frozen archway.
 17710 | IceCv    | Entered an ice cave
 18420 | IceCv    | Found an ancient bone altar of Kikubaaqudgha.
 18865 | Lair:2   | Found a staircase to the Snake Pit.
 18940 | Lair:2   | Found a staircase to the Swamp.
 19086 | Lair:2   | Reached XP level 13. HP: 103/115 MP: 12/16
 21353 | Lair:4   | Noticed Nessos
 21592 | Lair:4   | Found a dark tunnel.
 21601 | Volcano  | Entered a volcano
 21685 | Volcano  | Reached skill level 10 in Dodging
 22030 | Volcano  | Noticed a stone giant
 22037 | Volcano  | Killed a stone giant
 22339 | Lair:4   | Found a runed translucent gate.
 22340 | Lair:4   | Found a runed translucent gate.
 22340 | Lair:4   | Found a runed translucent gate.
 22341 | Lair:4   | Noticed HunfridMar's ghost (journeyman DECj)
 22366 | Lair:4   | Noticed Nergalle
 22403 | Lair:4   | Killed Nergalle
 22714 | Lair:4   | Reached skill level 5 in Spellcasting
 22746 | Lair:4   | Killed Nessos
 23424 | Lair:5   | Noticed Snorg
 23432 | Lair:5   | Killed Snorg
 23432 | Lair:5   | Gained mutation: You have acidic saliva. [Yellow Draconian
                  | growth]
 23432 | Lair:5   | Reached XP level 14. HP: 126/126 MP: 18/21
 24024 | Lair:5   | Found a viscous altar of Jiyva.
 24030 | Lair:5   | Found a staircase to the Slime Pits.
 24457 | Lair:6   | Entered Level 6 of the Lair of Beasts
 24457 | Lair:6   | Found a glowing silver altar of Zin.
 25446 | Lair:6   | Learned a level 7 spell: Dragon Form
 25492 | Lair:6   | Gained mutation: Your magical capacity is low. (-10% MP)
                  | [mutagenic glow]
 25509 | Lair:6   | Gained mutation: Your magical capacity is very low. (-20%
                  | MP) [mutagenic glow]
 28240 | Lair:5   | Gained mutation: Scrolls take you a little longer to read.
                  | [mutagenic glow]
 28241 | Lair:5   | Lost mutation: Scrolls take you a little longer to read.
                  | [potion of mutation]
 28241 | Lair:5   | Lost mutation: Your magical capacity is very low. (-20% MP)
                  | [potion of mutation]
 28241 | Lair:5   | Gained mutation: Your flesh is cold resistant. (rC+)
                  | [potion of mutation]
 28241 | Lair:5   | Gained mutation: You have a pair of small horns on your
                  | head. [potion of mutation]
 28241 | Lair:5   | Gained mutation: You evolve. [potion of mutation]
 28268 | Lair:5   | Gained mutation: You are weak. (Str -2) [mutagenic glow]
 28276 | Lair:5   | Gained mutation: You are frail. (-10% HP) [mutagenic glow]
 28283 | Lair:5   | Lost mutation: Your magical capacity is low. (-10% MP)
                  | [potion of mutation]
 28283 | Lair:5   | Lost mutation: You have a pair of small horns on your head.
                  | [potion of mutation]
 28283 | Lair:5   | Lost mutation: Your flesh is cold resistant. (rC+) [potion
                  | of mutation]
 28283 | Lair:5   | Gained mutation: Your system is resistant to poisons.
                  | (rPois) [potion of mutation]
 28283 | Lair:5   | Lost mutation: You are frail. (-10% HP) [potion of
                  | mutation]
 28283 | Lair:5   | Gained mutation: You are agile. (Dex +2) [potion of
                  | mutation]
 29049 | Orc:1    | Entered Level 1 of the Orcish Mines
 29079 | D:9      | Gained mutation: Potions are less effective at restoring
                  | your health. [mutagenic glow]
 29095 | D:9      | Lost mutation: You are weak. (Str -2) [potion of mutation]
 29095 | D:9      | Lost mutation: You are agile. (Dex +2) [potion of mutation]
 29095 | D:9      | Gained mutation: Your spells are a little harder to cast,
                  | but a little more powerful. [potion of mutation]
 29095 | D:9      | Gained mutation: You tend to lose your temper in combat.
                  | [potion of mutation]
 29095 | D:9      | Gained mutation: Your muscles are strong. (Str +2) [potion
                  | of mutation]
 29095 | D:9      | Gained mutation: Your flesh is cold resistant. (rC+)
                  | [potion of mutation]
 29842 | Orc:1    | Found a runed translucent door.
 29849 | Orc:1    | Found the +10 tower shield of Ignorance {rN+ Int-4}
 29855 | Orc:1    | Found a runed translucent door.
 30364 | Orc:1    | HP: 4/129 [orc knight/+2 battleaxe of flaming[an orange
                  | crystal statue] (7)]
 30364 | Orc:1    | HP: 1/129 [orc priest/+0 dagger[an orange crystal statue]
                  | (3)]
 30364 | Orc:1    | Killed from afar by an orc priest

Illustrated notes

Levels and vault maps discovered:
D:1:      dpeg_arrival_snail, layout_loops_corners
D:2:      layout_rooms, overflow_temple_1_default,
          nicolae_overflow_hidden_temple, minmay_joined_circles
D:3:      minmay_thinvault, layout_loops_ring, lemuel_round_altar,
          elyvilon_altar_5
D:4:      layout_basic
D:5:      layout_loops_corners, serial_shops, kennysheep_mini_moat
D:6:      layout_cave_pools, grunt_temple_overflow_forces_of_nature,
          kennysheep_mini, minmay_temple_entry_glass, enter_ossuary_4,
          serial_shops, shop, minmay_mini_ossuary, uniq_sigmund, uniq_duvessa
D:7:      layout_loops_corners, overflow_temple_1_default,
          vehumet_altar_wand_db, uniq_harold
D:8:      layout_cave_pods, gammafunk_temple_overflow_statue
D:9:      layout_rooms, grunt_temple_overflow_order_and_chaos_2,
          lemuel_crystal_altar, orc_0_dummy, minmay_quadrilaterals
D:10:     layout_basic, serial_shops, nicolae_shop_crystal,
          gammafunk_ghost_hydra_chop, okawaru_humans, uniq_erolcha
D:11:     layout_rooms, lair_entry_dummy, serial_shops, kennysheep_little_box,
          ebering_ghost_funeral_grove, uniq_psyche
Lair:1:   layout_cave_pods, grunt_forest_small_clearings,
          cheibrodos_lair_lostbears, lemuel_fruit_fields
Lair:2:   layout_loops_ring, skrybe_swamp_entry_bodies,
          guppyfry_snake_entry_garden, portal_ice_cave_entry_pillars_1,
          uniq_erica
Lair:3:   layout_chaotic_city
Lair:4:   layout_roguey, enter_volcano_2, gammafunk_ghost_hydra_chop,
          uniq_nessos, uniq_nergalle
Lair:5:   layout_regular_city, slime_altar_1, uniq_snorg
Lair:6:   due_jungle_book, layout_concentric_octagons, basic_altar,
          worms_lemuel, lemuel_fruit_fields
Orc:1:    layout_diamond_mine, chequers_guarded_unrand_ignorance

Skill      XL: |  1  2  3  4  5  6  7  8  9 10 11 12 13 14 |
---------------+-------------------------------------------+-----
Dodging        | 2 3 4 5 7 8 10 | 10.4
Unarmed Combat | 4 5 6 8 10 12 | 12.0
Transmutations | 3 4 7 10 13 | 13.0
Fighting       | 2 3 6 7 9 10 12 13 | 13.4
Stealth        | 1 4 7 |  7.0
Evocations     | 1 4 8 |  8.0
Spellcasting   | 5 |  5.0

Action                   |  1- 3 |  4- 6 |  7- 9 | 10-12 | 13-15 || total
-------------------------+-------+-------+-------+-------+-------++-------
Melee: Unarmed           |   121 |   137 |   376 |   550 |   512 ||  1696
       Kick              |    23 |     1 |       |       |       ||    24
       Headbutt          |     8 |       |       |       |       ||     8
       Tailslap          |     2 |     1 |    20 |    22 |    61 ||   106
       Punch             |     1 |       |       |     9 |    20 ||    30
       Staff             |       |       |       |     6 |     4 ||    10
       Bite              |       |       |       |       |    30 ||    30
Throw: Javelin           |       |     1 |     1 |       |       ||     2
       Dart              |       |       |     2 |       |     1 ||     3
 Cast: Beastly Appendage |    31 |     5 |       |       |       ||    36
       Wereblood         |     8 |     6 |    16 |    19 |    18 ||    67
       Spider Form       |       |    30 |    46 |    39 |     1 ||   116
       Blade Hands       |       |       |       |    25 |    49 ||    74
       Ice Form          |       |       |       |    11 |    18 ||    29
 Abil: Breathe Acid      |       |       |    20 |    19 |    26 ||    65
       End Transformatio |       |       |       |     3 |     2 ||     5
Evoke: Wand              |       |     2 |     9 |    36 |    33 ||    80
       Condenser vane    |       |       |     3 |     4 |     1 ||     8
       Phial of floods   |       |       |     1 |     1 |     1 ||     3
  Use: Scroll            |       |    14 |     8 |    10 |    13 ||    45
       Potion            |       |     2 |     5 |     8 |    12 ||    27
 Stab: Sleeping          |     2 |     5 |    13 |     8 |     7 ||    35
       Distracted        |       |     2 |     1 |     3 |     6 ||    12
       Confused          |       |       |     4 |     4 |       ||     8
       Invisible         |       |       |     3 |       |       ||     3
Armor: Skin              |    29 |     6 |    29 |    40 |    47 ||   151
Dodge: Dodged            |    79 |    84 |   256 |   468 |   384 ||  1271

Table legend: (Time is in decaauts)
 A = Elapsed time spent in this place.
 B = Non-inter-level travel time spent in this place.
 C = Inter-level travel time spent in this place.
 D = Time resting spent in this place.
 E = Time spent auto-exploring this place.
 F = Levels seen in this place.
 G = Mean time per level.
                   A        B        C        D        E       F      G
               +--------+--------+--------+--------+--------+-----+--------+
         Total |  30084 |  29085 |    999 |   7477 |  16414 |  21 | 1432.6 |
       Dungeon |  15187 |  14523 |    664 |   3081 |   8874 |  11 | 1380.6 |
          Lair |  11446 |  11135 |    311 |   3299 |   6042 |   6 | 1907.7 |
  Orcish Mines |   1087 |   1064 |     23 |     46 |    831 |   1 | 1087.0 |
       Ossuary |    707 |    707 |      0 |    422 |     65 |   1 |  707.0 |
      Ice Cave |   1146 |   1146 |      0 |    482 |    318 |   1 | 1146.0 |
       Volcano |    509 |    509 |      0 |    147 |    284 |   1 |  509.0 |
               +--------+--------+--------+--------+--------+-----+--------+

Top non-repeatable levels by time:
  Lair:5: 2828 daAuts
  Lair:6: 2650 daAuts
    D:10: 1935 daAuts
     D:3: 1804 daAuts
  Lair:1: 1795 daAuts
  Lair:4: 1679 daAuts
     D:7: 1587 daAuts
  Lair:3: 1477 daAuts
     D:8: 1425 daAuts
     D:1: 1337 daAuts
     D:6: 1333 daAuts
     D:9: 1313 daAuts
     D:4: 1285 daAuts
    D:11: 1195 daAuts
   IceCv: 1146 daAuts
